 Dungeon Crawl Stone Soup version 0.28-a0-1130-gc51a68064b (webtiles) character file.

Game seed: 9563607017969855791

523 browni3141 the Slasher (level 7, -2/52 HPs)
             Began as a Formicid Fighter on Dec 13, 2021.
             Was an Initiate of Okawaru.
             Slain by a hornet zombie (8 damage)
             ... on level 6 of the Dungeon.
             The game lasted 00:08:19 (5139 turns).

browni3141 the Slasher (Formicid Fighter)           Turns: 5139, Time: 00:08:20

Health: -2/52      AC: 10    Str: 23    XL:     7   Next: 46%
Magic:  7/7        EV:  8    Int:  7    God:    Okawaru [......]
Gold:   318        SH:  4    Dex: 10    Spells: 6/6 levels left

rFire   . . .      SeeInvis +   a - +0 long sword
rCold   . . .      Faith    .   c - +0 buckler
rNeg    . . .      Spirit   .   j - +0 chain mail
rPois   .          Reflect  .   (helmet unavailable)
rElec   .          Harm     .   (no cloak)
rCorr   .          Rampage  .   (no gloves)
Will    .....                   l - +0 pair of boots
Stlth   ..........              (no amulet)
HPRegen 0.17/turn               (no ring)
MPRegen 0.10/turn               (no ring)

@: no status effects
A: permanent stasis, dig shafts and tunnels, antennae 3, four strong arms
a: Dig, Shaft Self, Renounce Religion


You were on level 6 of the Dungeon.
You worshipped Okawaru.
Okawaru was noncommittal.
You visited 2 branches of the dungeon, and saw 7 of its levels.

You collected 318 gold pieces.

Inventory:

Hand Weapons
 a - a +0 long sword (weapon)
 s - a +2 short sword of venom
Missiles
 e - 192 stones
 o - 11 poisoned darts (quivered)
Armour
 b - a +0 scale mail
 c - a +0 buckler (worn)
 j - a +0 chain mail (worn)
 l - a +0 pair of boots (worn)
Scrolls
 d - a scroll of silence {unknown}
 f - a scroll of fog {unknown}
 g - 4 scrolls of teleportation {unknown}
 k - 2 scrolls of acquirement {unknown}
 m - 2 scrolls of identify {unknown}
 p - a scroll of immolation {unknown}
 q - 2 scrolls of enchant weapon {unknown}
 y - 4 scrolls of fear {unknown}
 A - 2 scrolls of vulnerability {unknown}
Potions
 h - 2 potions of haste {unknown}
 i - 2 potions of resistance {unknown}
 n - a potion of mutation {unknown}
 r - 2 potions of berserk rage {unknown}
 t - 3 potions of lignification
 u - a potion of degeneration {unknown}
 v - a potion of attraction {unknown}
 w - a potion of cancellation {unknown}
 x - 2 potions of magic {unknown}
 z - a potion of curing {unknown}
 B - a potion of heal wounds {unknown}


   Skills:
 - Level 3.2 Fighting
 * Level 7.7 Long Blades
 - Level 3.2 Armour
 - Level 3.6 Shields


You had 6 spell levels left.
You didn't know any spells.
Your spell library contained the following spells:

 Spells                   Type           Power      Damage    Failure   Level
 Apportation              Tloc           0%         N/A       98%         1
 Animate Skeleton         Necr           Unusable   N/A       N/A         1
 Summon Small Mammal      Summ           Unusable   N/A       N/A         1

Dungeon Overview and Level Annotations

Branches:
Dungeon (6/15)             Temple (1/1) D:4

Altars:
Ashenzari
Cheibriados
Dithmenos
Elyvilon
Fedhas
Gozag
Hepliaklqana
Makhleb
Nemelex Xobeh
Okawaru
Ru
Sif Muna
Trog
Uskayaw
Vehumet
Wu Jian
Xom
Yredelemnul
Zin
The Shining One

Shops:
D:4 (


Innate Abilities, Weirdness & Mutations

You cannot be hasted, slowed, berserked, paralysed or teleported.
You can dig through walls and to a lower floor.
You have a pair of large antennae on your head. (SInv)
Your four strong arms can wield two-handed weapons with a shield.


Message History

The hornet zombie is heavily damaged.
You block the hornet zombie's attack.
You hit the hornet zombie.
The hornet zombie is heavily damaged.
You block the hornet zombie's attack. The hornet zombie hits you!
You completely miss the hornet zombie.
The hornet zombie is heavily damaged.
The hornet zombie barely misses you.
You hit the hornet zombie but do no damage.
The hornet zombie is heavily damaged.
The hornet zombie hits you.
You closely miss the hornet zombie.
The hornet zombie is heavily damaged.
The hornet zombie barely misses you. x2
You hit the hornet zombie but do no damage.
The hornet zombie is heavily damaged.
You block the hornet zombie's attack.
You completely miss the hornet zombie.
The hornet zombie is heavily damaged.
The hornet zombie hits you.
You hit the hornet zombie but do no damage.
The hornet zombie is heavily damaged.
The hornet zombie hits you but does no damage.
You slash the hornet zombie!
The hornet zombie is severely damaged.
You block the hornet zombie's attack.
The hornet zombie hits you but does no damage.
You slash the hornet zombie!
The hornet zombie is almost destroyed.
The hornet zombie hits you!
* * * LOW HITPOINT WARNING * * *
You aren't carrying any items that you can evoke.
You barely miss the hornet zombie.
The hornet zombie is almost destroyed.
The hornet zombie hits you.
* * * LOW HITPOINT WARNING * * *
You barely miss the hornet zombie.
The hornet zombie is almost destroyed.
The hornet zombie closely misses you. The hornet zombie hits you!
You die...

##.....# { #...#.##
..Z#....# { {.{###.#.#
#.....# { { ##..####
##..## #####..Z#
.......@###########
.#.#######.............#
.......##...####.......#
....#..................#
.............##.......#
.##...........###......#
..
..............###......#
..
#..............#########
.. ##..............#


You could see a hornet zombie.

Vanquished Creatures
  A water moccasin (D:5)
  An ogre (D:4)
  A black bear (D:4)
  A jelly (D:6)
  A hound (D:4)
  An orc wizard (D:3)
  7 adders
  An adder skeleton (D:3)
  2 worms
  2 dart slugs
  11 orcs
  9 endoplasms
  A giant cockroach (D:4)
  2 goblins
  2 hobgoblins
  9 jackals
  9 kobolds
  8 quokkas
  6 ball pythons
  3 bats
  2 frilled lizards (D:2)
  A quokka skeleton (D:4)
  4 rats
85 creatures vanquished.

Notes
Turn   | Place    | Note
-------+----------+-------------------------------------------
     0 | D:1      | browni3141 the Formicid Fighter began the quest for the
                  | Orb.
     0 | D:1      | Reached XP level 1. HP: 18/18 MP: 1/1
   259 | D:1      | Reached XP level 2. HP: 24/24 MP: 2/2
   417 | D:1      | Reached skill level 3 in Long Blades
   940 | D:2      | Reached XP level 3. HP: 27/29 MP: 3/3
  1548 | D:2      | Reached skill level 4 in Long Blades
  1548 | D:2      | Reached XP level 4. HP: 21/35 MP: 4/4
  1765 | D:2      | Found a faded altar of an unknown god.
  2737 | D:3      | Reached skill level 5 in Long Blades
  2737 | D:3      | Reached XP level 5. HP: 39/41 MP: 5/5
  3150 | D:3      | Found a shimmering altar of Xom.
  3151 | D:3      | Found a hazy altar of Hepliaklqana.
  3152 | D:3      | Noticed a spectral ugly thing
  3509 | D:4      | Noticed an ogre
  3540 | D:4      | Killed an ogre
  3541 | D:4      | Reached skill level 6 in Long Blades
  3541 | D:4      | Reached XP level 6. HP: 47/47 MP: 6/6
  3582 | D:4      | Noticed a black bear
  3611 | D:4      | Killed a black bear
  3930 | D:4      | Found a staircase to the Ecumenical Temple.
  3944 | Temple   | Entered the Ecumenical Temple
  4157 | Temple   | Became a worshipper of Warmaster Okawaru
  4335 | D:4      | Reached skill level 7 in Long Blades
  4335 | D:4      | Reached XP level 7. HP: 48/52 MP: 7/7
  4395 | D:4      | Found Eshru Cad's Weapon Shop.
  4590 | D:5      | Entered Level 5 of the Dungeon
  4593 | D:5      | Noticed a troll
  4649 | D:5      | Noticed a water moccasin
  4665 | D:5      | Killed a water moccasin
  4675 | D:5      | HP: 3/78 [poisoned by a water moccasin]
  4985 | D:5      | Noticed a water moccasin
  5139 | D:6      | Slain by a hornet zombie

Illustrated notes

Levels and vault maps discovered:
D:1:      nicolae_arrival_washed_ashore, layout_rooms, st_stairs_2
D:2:      layout_rooms, shapermc_ecumenical_altar_starsandcircs,
          minmay_misc_feat_columns, minmay_puff
D:3:      layout_basic, regret_index_temple_of_mockery,
          chequers_serial_rivers_marsh, palyth_stone_intersect,
          lemuel_old_faithful
D:4:      layout_rooms, minmay_temple_entry_butterflies, serial_shops,
          nicolae_lakefront_shop, serial_park_tiny_2,
          kennysheep_decorative_pillar
D:5:      layout_loops_ring
D:6:      layout_rooms, minmay_ruined_shrine
Temple:   dpeg_five_rooms_temple

Skill      XL: |  1  2  3  4  5  6 |
---------------+-------------------+-----
Long Blades    | 3 4 5 6 7 |  7.7
Fighting       | |  3.2
Armour         | |  3.2
Shields        | |  3.6

Action                   |  1- 3 |  4- 6 |  7- 9 || total
-------------------------+-------+-------+-------++-------
Melee: Long sword        |   108 |    55 |    22 ||   185
       Short sword       |       |   100 |    34 ||   134
Throw: Stone             |    36 |     1 |       ||    37
       Dart              |       |    25 |     5 ||    30
 Abil: Dig               |     2 |     3 |       ||     5
  Use: Potion            |       |       |     2 ||     2
Armor: Scale mail        |    33 |       |       ||    33
       Chain mail        |     9 |    60 |    13 ||    82
Dodge: Dodged            |    39 |    66 |    22 ||   127
Block: Buckler           |    22 |    24 |    11 ||    57

Table legend: (Time is in decaauts)
 A = Elapsed time spent in this place.
 B = Non-inter-level travel time spent in this place.
 C = Inter-level travel time spent in this place.
 D = Time resting spent in this place.
 E = Time spent auto-exploring this place.
 F = Levels seen in this place.
 G = Mean time per level.
                   A        B        C        D        E       F      G
               +--------+--------+--------+--------+--------+-----+--------+
         Total |   5179 |   5007 |    172 |    618 |   3415 |   7 |  739.9 |
       Dungeon |   4916 |   4792 |    124 |    618 |   3214 |   6 |  819.3 |
        Temple |    262 |    214 |     48 |      0 |    201 |   1 |  262.0 |
               +--------+--------+--------+--------+--------+-----+--------+

Top non-repeatable levels by time:
     D:3: 1337 daAuts
     D:1: 1154 daAuts
     D:2: 1042 daAuts
     D:4: 836 daAuts
     D:5: 350 daAuts
  Temple: 262 daAuts
     D:6: 195 daAuts
